 Dungeon Crawl Stone Soup version 0.31-a0-105-gc0b45f0da6 (webtiles) character file.

Game seed: 7141308831320449320

919 Colgate the Thaumaturge (level 8, -1/62 (63) HPs)
             Began as a Meteoran Necromancer on May 27, 2023.
             Was a Believer of Cheibriados.
             Slain by a wight
             ... wielding a +3 heavy flail
              (14 damage)
             ... on level 7 of the Dungeon.
             The game lasted 00:25:29 (1299 turns).

Colgate the Thaumaturge (Meteoran Necromancer)      Turns: 1299, Time: 00:25:29

HP:   -1/62 (63)    AC:  3    Str: 13    XL:     8   Next: 57%
MP:   20/31         EV: 13    Int: 24    God:    Cheibriados [**....]
Gold: 309           SH:  0    Dex: 18    Spells: 10/25 levels left

rFire   . . .        b - +0 halberd
rCold   . . .        (shield currently unavailable)
rNeg    . . .        p - +0 robe
rPois   .            (no helmet)
rElec   .            (no cloak)
rCorr   +            (no gloves)
SInv    .            u - +0 pair of boots
Will    +....        (no amulet)
Stlth   +            c - ring of magical power
HPRegen 0.30/turn    i - ring of resist corrosion
MPRegen 0.22/turn

%: no passive effects
@: lethally poisoned (-1 -> -8), animating dead, slowed, glowing, lightly
drained, very slow
A: sense surroundings 1, otherworldly, glowing, explore regen
a: Renounce Religion, Bend Time


You were on level 7 of the Dungeon.
You worshipped Cheibriados.
Cheibriados was pleased with you.
You visited 1 branch of the dungeon, and saw 7 of its levels.

You collected 309 gold pieces.

Inventory:

Hand Weapons
 a - the +6 dagger of Beogh's Esteem {heavy, rPois}
   (You found it on level 3 of the Dungeon)

   rPois:     It protects you from poison.
 b - a +0 halberd (weapon)
 f - a +0 short sword
 l - a +2 dagger of holy wrath
 o - a +1 short sword of holy wrath
Missiles
 s - 2 throwing nets {!f}
Armour
 p - a +0 robe (worn)
 u - a +0 pair of boots (worn)
Jewellery
 c - a ring of magical power (left hand)
 i - a ring of resist corrosion (right hand)
 q - a ring of flight
Wands
 t - a wand of charming (1)
Scrolls
 d - 2 scrolls of magic mapping {@r5}
 e - a scroll of fog
 g - a scroll of blinking {@r4}
 k - a scroll of vulnerability
 n - 2 scrolls of teleportation {@r3}
 r - a scroll of identify {@r1}
Potions
 h - a potion of magic
 j - 2 potions of brilliance
 m - a potion of lignification


   Skills:
 + Level 3.0 Fighting
 - Level 2.4 Dodging
 - Level 1.4 Stealth
 - Level 9.0 Spellcasting
 - Level 2.0 Hexes
 - Level 5.2 Necromancy
 - Level 3.4 Translocations


You had 10 spell levels left.
You knew the following spells:

 Your Spells              Type           Power      Damage    Failure   Level
a - Necrotise             Necr           100%       1d9       1%          1
b - Vampiric Draining     Necr           36%        2d8       1%          3
c - Animate Dead          Necr           36%        N/A       7%          4
d - Tukima's Dance        Hex            20%        N/A       8%          3
e - Passage of Golubria   Tloc           27%        N/A       14%         4

Your spell library contained the following spells:

 Spells                   Type           Power      Damage    Failure   Level
 Gell's Gravitas          Tloc           27%        N/A       4%          3
 Teleport Other           Tloc           27%        N/A       4%          3
 Cigotuvi's Dreadful Rot  Necr/Pois/Air  24%        N/A       8%          2
 Agony                    Necr           36%        N/A       19%         5
 Ignite Poison            Fire/Tmut/Pois 3%         N/A       32%         3
 Yara's Violent Unravell  Hex/Tmut       5%         3d4       86%         5
 Dispersal                Tloc           13%        N/A       91%         6
 Freezing Cloud           Conj/Ice/Air   1%         6-21      96%         5


Dungeon Overview and Level Annotations

Branches:
Dungeon (7/15) Zot: 4549   Temple (0/1) D:6

Altars:
Cheibriados
Fedhas

Annotations:
D:4 Eustachio


Innate Abilities, Weirdness & Mutations

You passively map a small area around you.
You are easily found by Zot.
You glow in the dark.
You regain HP and MP as you explore.


Message History

The orc dies!
Cheibriados appreciates the change of pace.
Your +0 war axe hits the wight but does no damage.
The dead are walking!
Your howler monkey zombie hits the wight but does no damage.
Your +0 war axe hits the wight. x2; The wight throws a curare-tipped dart.
The curare-tipped dart hits your orc zombie.
The wight misses you.
Your orc zombie closely misses the wight.
Your orc wizard zombie barely misses the wight.
Your howler monkey zombie closely misses the wight.
Your +0 war axe falls from the air.
Your orc zombie barely misses the wight.
The wight hits your orc zombie with a +4 great sword!
Your orc zombie is destroyed!
Your orc zombie hits the wight but does no damage.
Your howler monkey zombie hits the wight but does no damage.
Your orc wizard zombie barely misses the wight.
The wight attacks as you move away!
The wight hits you with a +3 heavy flail!
The wight barely misses you.
Your howler monkey zombie misses the wight.
The wight throws a curare-tipped dart.
The curare-tipped dart barely misses your orc zombie.
The curare-tipped dart misses the wight.
The curare-tipped dart hits you.
You are poisoned.
You have difficulty breathing.
You feel yourself slow down.
The wight hits you with a +0 short sword.
The wight hits your orc zombie with a +4 halberd!
Your orc zombie is destroyed!
The wight attacks as you move away!
The wight hits you with a +0 short sword.
* * * LOW HITPOINT WARNING * * *
You feel drained.
* * * LOW HITPOINT WARNING * * *
You feel very sick.
An orc warrior comes into view. It is wielding a +0 mace.
The wight hits you with a +3 heavy flail!
You die...

##.#######..........#*
........##^........o# ,
#......##..........#
#..................# , ,, ,
#..................##### ,
##.##.###...............# >
........##..............#
.........#..............#*
** ,
.........#####.#@###....#
.........####..#zz# ....#
.................Z##....#
.........##......Zz.....#
.........#.......[.z...## ,
....####..........).......#
,
.....###..####....).......#
,
##.)......#####...........#
*
##..............###.......#
** *


You could see an orc warrior, 4 wights, a friendly orc wizard zombie and a
friendly howler monkey zombie.

Vanquished Creatures
  A black bear (D:5)
  2 gnoll sergeants (D:6)
  A scorpion (D:7)
  A howler monkey (D:5)
  5 hounds
  A gnoll bouda (D:6)
  2 jellies
  A sleepcap (D:6)
  An iguana (D:4)
  An orc wizard (D:3)
  10 gnolls
  4 adders
  2 white imps
  7 orcs
  5 endoplasms
  2 giant cockroaches
  2 goblins (D:3)
  5 hobgoblins
  2 quokkas
  8 ball pythons
  A frilled lizard (D:3)
  4 kobolds
  A rat (D:3)
69 creatures vanquished.

Vanquished Creatures (collateral kills)
  A howler monkey (D:7)
  An orc wizard (D:7)
  A dart slug (D:1)
  5 orcs
  A giant cockroach (D:4)
  A kobold (D:3)
  A ball python (D:1)
  2 frilled lizards (D:2)
13 creatures vanquished.

Vanquished Creatures (others)
  2 dancing weapons
  An orc wizard (D:3)
  A giant cockroach zombie (D:4)
  A hobgoblin zombie (D:4)
  2 orc zombies (D:7)
7 creatures vanquished.

Grand Total: 89 creatures vanquished

Notes
Turn   | Place    | Note
-------+----------+-------------------------------------------
     0 | D:1      | Colgate the Meteoran Necromancer began the quest for the
                  | Orb.
     0 | D:1      | Reached XP level 1. HP: 14/14 MP: 5/5
    24 | D:1      | Reached skill level 3 in Spellcasting
    29 | D:1      | Reached XP level 2. HP: 20/20 MP: 5/7
   243 | D:2      | Reached skill level 4 in Spellcasting
   243 | D:2      | Reached XP level 3. HP: 26/26 MP: 9/9
   247 | D:2      | Learned a level 3 spell: Vampiric Draining
   321 | D:3      | Found a snail-covered altar of Cheibriados.
   330 | D:3      | Became a worshipper of Cheibriados the Contemplative
   441 | D:3      | Identified the +6 dagger of Beogh's Esteem {heavy, rPois}
   450 | D:3      | Reached XP level 4. HP: 33/33 MP: 11/11
   453 | D:3      | Reached skill level 5 in Spellcasting
   462 | D:3      | Learned a level 4 spell: Animate Dead
   466 | D:3      | Reached XP level 5. HP: 35/38 MP: 13/13
   501 | D:4      | Reached skill level 5 in Necromancy
   512 | D:4      | Reached skill level 1 in Hexes
   523 | D:4      | Learned a level 3 spell: Tukima's Dance
   551 | D:4      | Reached * piety under Cheibriados
   588 | D:4      | Noticed Eustachio
   684 | D:3      | Reached XP level 6. HP: 16/45 MP: 15/15
   698 | D:4      | Found a blossoming altar of Fedhas.
   714 | D:5      | Entered Level 5 of the Dungeon
   800 | D:5      | Noticed a black bear
   805 | D:5      | Reached skill level 6 in Spellcasting
   808 | D:5      | Killed a black bear
   809 | D:5      | Reached skill level 7 in Spellcasting
   809 | D:5      | Reached XP level 7. HP: 37/50 MP: 16/18
   833 | D:5      | Reached skill level 1 in Fighting
   945 | D:6      | Found a staircase to the Ecumenical Temple.
  1057 | D:6      | Reached skill level 8 in Spellcasting
  1079 | D:6      | Reached XP level 8. HP: 44/61 MP: 14/21
  1129 | D:6      | Reached ** piety under Cheibriados
  1132 | D:6      | Reached skill level 9 in Spellcasting
  1138 | D:6      | Reached skill level 1 in Translocations
  1185 | D:7      | Learned a level 4 spell: Passage of Golubria
  1299 | D:7      | Slain by a wight

Illustrated notes

Levels and vault maps discovered:
D:1:      dpeg_arrival_tiny_g, layout_rooms, chequers_serial_rivers_small_a,
          minmay_small_reverse_x
D:2:      layout_loops_ring, minmay_quantized
D:3:      layout_loops_ring, marbit_many_paths, lemuel_tele_altar
D:4:      layout_loops_ring, fedhas_ov_isle_minmay, uniq_eustachio
D:5:      layout_rooms, uniq_edmund
D:6:      layout_loops_ring, minmay_temple_entry_drinking_statues
D:7:      layout_rooms, overflow_temple_1_default, serial_shops, shop

Skill      XL: |  1  2  3  4  5  6  7  8 |
---------------+-------------------------+-----
Spellcasting   | 3 4 5 7 8 9 |  9.0
Necromancy     | 5 |  5.2
Hexes          | 2 |  2.0
Fighting       | 2 3 |  3.0
Translocations | 3 |  3.4
Dodging        | |  2.4
Stealth        | |  1.4

Action                     |  1- 3 |  4- 6 |  7- 9 || total
---------------------------+-------+-------+-------++-------
  Melee: Dagger            |     4 |    18 |     3 ||    25
         Short sword       |     1 |       |       ||     1
         Punch             |       |     1 |       ||     1
         Halberd           |       |       |    33 ||    33
   Cast: Necrotise         |    47 |    21 |    33 ||   101
         Vampiric Draining |       |     8 |    26 ||    34
         Animate Dead      |       |     2 |     1 ||     3
         Tukima's Dance    |       |     1 |     6 ||     7
    Use: Scroll            |       |     4 |     3 ||     7
 Armour: Robe              |     4 |     6 |     8 ||    18
  Dodge: Dodged            |     1 |    55 |    47 ||   103

Table legend: (Time is in decaauts)
 A = Elapsed time spent in this place.
 B = Non-inter-level travel time spent in this place.
 C = Inter-level travel time spent in this place.
 D = Time resting spent in this place.
 E = Time spent auto-exploring this place.
 F = Levels seen in this place.
 G = Mean time per level.
                   A        B        C        D        E       F      G
               +--------+--------+--------+--------+--------+-----+--------+
         Total |   1586 |   1586 |      0 |      0 |      0 |   7 |  226.6 |
       Dungeon |   1586 |   1586 |      0 |      0 |      0 |   7 |  226.6 |
               +--------+--------+--------+--------+--------+-----+--------+

Top non-repeatable levels by time:
     D:5: 408 daAuts
     D:3: 281 daAuts
     D:4: 253 daAuts
     D:1: 216 daAuts
     D:6: 194 daAuts
     D:7: 169 daAuts
     D:2: 63 daAuts
